 Dungeon Crawl Stone Soup version 0.30.0-30-g96aa6591b8 (webtiles) character file.

Game seed: 5838534134136196887

410 jtron the Magician (level 6, 0/30 HPs)
             Began as a Spriggan Enchanter on June 30, 2023.
             Killed from afar by Blork the orc (11 damage)
             ... with a puff of flame
             ... on level 5 of the Dungeon.
             The game lasted 00:15:58 (5295 turns).

jtron the Magician (Spriggan Enchanter)             Turns: 5295, Time: 00:15:58

Health: 0/30       AC:  2    Str:  4    XL:     6   Next: 58%
Magic:  5/15       EV: 17    Int: 19    God:
Gold:   170        SH:  0    Dex: 15    Spells: 11/16 levels left

rFire   . . .        a - +0 dagger (venom)
rCold   . . .        (no shield)
rNeg    . . .        b - +0 robe
rPois   .            (helmet restricted)
rElec   .            (no cloak)
rCorr   .            (gloves unavailable)
SInv    +            (boots unavailable)
Will    +....        (no amulet)
Stlth   +++          (no ring)
HPRegen 0.25/turn    (no ring)
MPRegen 0.14/turn

%: no passive effects
@: very quick
A: very small, no large weapons, unfitting armour, see invisible, speed 3
a: no special abilities


You were on level 5 of the Dungeon.
You visited 1 branch of the dungeon, and saw 5 of its levels.

You collected 170 gold pieces.

Inventory:

Hand Weapons
 a - a +0 dagger of venom (weapon)
 i - a +1 dagger
 j - a +0 sling
 w - a +4 dagger
Missiles
 e - 43 stones (quivered)
 o - 2 throwing nets
 t - 5 boomerangs
 u - 2 poisoned darts
Armour
 b - a +0 robe (worn)
Magical Staves
 v - a staff of earth
Jewellery
 s - a ring of protection from cold
 x - a +6 ring of dexterity
Wands
 p - a wand of iceblast (2)
Scrolls
 k - a scroll of blinking
 l - a scroll of teleportation
Potions
 c - a potion of invisibility
 d - 2 potions of resistance {unknown}
 f - 2 potions of attraction
 g - 2 potions of brilliance
 h - a potion of magic {unknown}
 m - a potion of might {unknown}
 n - a potion of heal wounds {unknown}
 q - a potion of ambrosia {unknown}
 r - 2 potions of curing


   Skills:
 * Level 2.0 Fighting
 + Level 2.4 Short Blades
 - Level 3.0 Dodging
 - Level 5.0 Stealth
 * Level 5.5 Spellcasting
 - Level 4.0 Hexes
 * Level 2.6 Ice Magic


You had 11 spell levels left.
You knew the following spells:

 Your Spells              Type           Power      Damage    Failure   Level
a - Ensorcelled Hibernat  Hex/Ice        34%        N/A       4%          2
b - Tukima's Dance        Hex            20%        N/A       7%          3

Your spell library contained the following spells:

 Spells                   Type           Power      Damage    Failure   Level
 Confusing Touch          Hex            20%        N/A       7%          3
 Dazzling Flash           Conj/Hex       24%        N/A       16%         3


Dungeon Overview and Level Annotations

Branches:
Dungeon (5/15)
 Temple: D:4-7

Altars:
Qazlal
Sif Muna

Annotations:
D:2 1 runed translucent door, Crazy Yiuf
D:5 Blork the orc


Innate Abilities, Weirdness & Mutations

You are very small and have problems with some larger weapons.
You are too small for most types of armour.
You have supernaturally acute eyesight. (SInv)
You cover ground extremely quickly. (Speed+++)


Message History

The white imp shouts, "Slither away, thou rough-hewn beetle-headed scut!"
The orc shouts!
You hear a shout! x2
The white imp gestures at you. The puff of frost hits you!
You see here a +0 hand axe.
Casting: Ensorcelled Hibernation (safe; 4% risk of failure)
Confirm with . or Enter, or press ? or * to list all spells.
Aiming: Ensorcelled Hibernation (safe; 4% risk of failure)
Press: ? - help, Shift-Dir - straight line, f - Blork the orc
Aim: Blork the orc, wielding a +2 scimitar of venom and wearing a +2 robe of positive energy (wandering, hasn't noticed you, chance to affect: 50%) Blork the orc shouts!
Blork the orc looks drowsy...
The helpless Blork the orc fails to defend himself.
You impale Blork the orc!!
Blork the orc is poisoned.
Blork the orc is heavily wounded.
Blork the orc closely misses you.
Casting: Ensorcelled Hibernation (safe; 4% risk of failure)
Confirm with . or Enter, or press ? or * to list all spells.
Aiming: Ensorcelled Hibernation (safe; 4% risk of failure)
Press: ? - help, Shift-Dir - straight line, f - quokka, p - Blork the orc
Aim: a quokka (wandering, hasn't noticed you, chance to affect: 67%)
The quokka struggles to resist.
Blork the orc misses you.
Casting: Ensorcelled Hibernation (safe; 4% risk of failure)
Confirm with . or Enter, or press ? or * to list all spells.
Aiming: Ensorcelled Hibernation (safe; 4% risk of failure)
Press: ? - help, Shift-Dir - straight line, p - quokka Blork the orc is unaffected.
Blork the orc completely misses you.
Casting: Ensorcelled Hibernation (safe; 4% risk of failure)
Confirm with . or Enter, or press ? or * to list all spells.
Aiming: Ensorcelled Hibernation (safe; 4% risk of failure)
Press: ? - help, Shift-Dir - straight line, f - Blork the orc
Aim: Blork the orc, wielding a +2 scimitar of venom and wearing a +2 robe of positive energy (severely wounded, very poisoned, not susceptible) Blork the orc is unaffected.
Blork the orc misses you.
You barely miss Blork the orc.
Blork the orc is almost dead.
Blork the orc hits you with a +2 scimitar of venom!
The quokka bites you but does no damage.
Blork the orc casts a spell at you. The puff of flame hits you!
You die...

......# #....# ......# #....#
......# #....# ......## #....#
.......# #....# ...†...#
#....# #.####.#########.# ..#
#..÷..#####.## #######
..#######.......@.####.....##
......###....).........###..##
..............or...#####
##..### .....#.............#
##...# .......##...........#
###.# ..................#.#
#.# .....#####..........## #.#
.....# #...........# #.#
###### #...........## #.#


You could see Blork the orc (very poisoned) and a quokka.

Vanquished Creatures
  An ogre (D:4)
  A scorpion (D:5)
  A hound (D:5)
  2 orc priests
  2 orc wizards (D:4)
  3 adders
  3 worms
  3 dart slugs
  19 orcs
  3 endoplasms
  5 goblins
  8 hobgoblins
  4 jackals (D:1)
  5 kobolds
  A quokka (D:2)
  8 ball pythons
  5 bats
  2 frilled lizards
  4 rats
80 creatures vanquished.

Notes
Turn   | Place    | Note
-------+----------+-------------------------------------------
     0 | D:1      | jtron the Spriggan Enchanter began the quest for the Orb.
     0 | D:1      | Reached XP level 1. HP: 9/9 MP: 5/5
   269 | D:1      | Reached XP level 2. HP: 14/14 MP: 6/6
   277 | D:1      | Reached skill level 1 in Fighting
   383 | D:1      | Learned a level 2 spell: Ensorcelled Hibernation
   512 | D:1      | Reached skill level 5 in Stealth
  1217 | D:2      | Reached XP level 3. HP: 18/18 MP: 8/8
  1225 | D:2      | Learned a level 3 spell: Tukima's Dance
  1935 | D:2      | Found a runed translucent door.
  1936 | D:2      | Noticed Crazy Yiuf
  2716 | D:3      | Reached skill level 1 in Ice Magic
  2716 | D:3      | Reached XP level 4. HP: 22/22 MP: 7/10
  2962 | D:3      | HP: 1/22 [orc/+0 trident (6)]
  3355 | D:3      | Found a shimmering blue altar of Sif Muna.
  3578 | D:3      | Found a faded altar of an unknown god.
  3774 | D:4      | Noticed a phantom
  3967 | D:4      | Reached XP level 5. HP: 23/25 MP: 3/12
  4477 | D:4      | Noticed an ogre
  4481 | D:4      | Killed an ogre
  4482 | D:4      | Reached XP level 6. HP: 30/30 MP: 12/14
  4546 | D:4      | Reached skill level 5 in Spellcasting
  4723 | D:5      | Entered Level 5 of the Dungeon
  4999 | D:5      | Noticed Blork the orc
  5122 | D:5      | Found a stormy altar of Qazlal.
  5295 | D:5      | Killed from afar by Blork the orc

Illustrated notes

Levels and vault maps discovered:
D:1:      evilmike_arrival_plus, layout_basic
D:2:      kb_forest_paths, layout_basic, uniq_crazy_yiuf_cottage
D:3:      layout_rooms, mainiacjoe_overflow_24_doors,
          ebering_ecumenical_altar_webs
D:4:      layout_layer_cave
D:5:      layout_rooms, lemuel_doored_altar, pdpol_wu_jian_five_deadly_venoms,
          uniq_blork_the_orc

Skill      XL: |  1  2  3  4  5  6 |
---------------+-------------------+-----
Fighting       | 1 2 |  2.0
Stealth        | 5 |  5.0
Hexes          | 4 |  4.0
Spellcasting   | 3 4 5 |  5.5
Ice Magic      | 1 2 |  2.6
Dodging        | 3 |  3.0
Short Blades   | 2 |  2.4

Action                     |  1- 3 |  4- 6 || total
---------------------------+-------+-------++-------
  Melee: Dagger            |    64 |    69 ||   133
         Punch             |     1 |     1 ||     2
  Throw: Stone             |     1 |     1 ||     2
   Cast: Ensorcelled Hiber |    24 |    69 ||    93
         Tukima's Dance    |       |     1 ||     1
    Use: Scroll            |     2 |     6 ||     8
         Potion            |       |     3 ||     3
   Stab: Sleeping          |    23 |    34 ||    57
 Armour: Robe              |    12 |     5 ||    17
  Dodge: Dodged            |    60 |    54 ||   114
